 Dungeon Crawl Stone Soup version 0.21.1-1-g345015fe64 (webtiles) character file.

5548526 tensugalgo the Conqueror (level 27, 238/238 HPs)
             Began as a Naga Fighter on Feb 23, 2018.
             Was the Champion of Cheibriados.
             Escaped with the Orb
             ... and 9 runes on Feb 24, 2018!
             The game lasted 06:40:51 (124095 turns).

tensugalgo the Conqueror (Naga Fighter)           Turns: 124095, Time: 06:40:52

Health: 238/238    AC: 52    Str: 58    XL:     27
Magic:  29/29      EV: 38    Int: 29    God:    Cheibriados [******]
Gold:   8679       SH: 38    Dex: 29    Spells: 16/46 levels left

rFire    + + +     SeeInvis +   E - +7 broad axe (flame)
rCold    + + +     Gourm    .   Z - +10 large shield of Ignorance {rN+ Int-4}
rNeg     + + +     Faith    .   e - +4 gold dragon scales
rPois    +         Spirit   +   o - +2 helmet {SInv}
rElec    +         Reflect  .   S - scarf {Spirit}
rCorr    +         Harm     .   d - +3 pair of gauntlets of War {Slay+5}
MR       +++++     Clarity  +   O - +0 naga barding of Amiosyro {rF+ Str+7}
Stlth    ..........             Y - amulet of the Four Winds {rN+ MR+++ Clar}
HPRegen  0.49/turn              X - ring of protection from cold
MPRegen  0.21/turn              L - ring of Zuhogaokh {+Blink rN+ Str+4 Int+5 Dex-2}

@: mighty, agile, resistant, flying, very slightly contaminated, invisible, very
slow
A: large, repulsion field 1, see invisible, berserk 2, clever 1, deformed body,
deterioration 2, frail 2, low mp 2, poison resistance, screaming 1, slowness 2,
slow metabolism 1, spit poison 1, weak 1, MP-powered wands, constrict 1, AC +9
0: Orb of Zot
}: 9/15 runes: barnacled, slimy, silver, iron, obsidian, icy, bone, abyssal,
gossamer
a: Spit Poison, Bend Time, Temporal Distortion, Slouch, Step From Time, Renounce
Religion, Evoke Blink


You escaped.
You worshipped Cheibriados.
Cheibriados was exalted by your worship.
You were completely stuffed.

You visited 18 branches of the dungeon, and saw 88 of its levels.
You visited the Abyss 3 times.
You also visited: Bailey.

You collected 11647 gold pieces.
You spent 2968 gold pieces at shops.

Inventory:

Hand Weapons
 E - a +7 broad axe of flaming (weapon)
 K - the +1 broad axe of Battle {venom, rN+ SInv Stlth+}
   (Okawaru gifted it to you on level 11 of the Dungeon)

   It poisons the flesh of those it strikes.
   It protects you from negative energy.
   It lets you see invisible.
   It makes you more stealthy.
 R - a +9 broad axe of freezing
Missiles
 a - 2 tomahawks of returning (quivered)
 b - 28 silver javelins
 s - 72 javelins
Armour
 d - the +3 pair of gauntlets of War (worn) {Slay+5}
   (You found it on level 1 of the Depths)

   It affects your accuracy and damage with ranged weapons and melee attacks
   (+5).
 e - +4 gold dragon scales (worn)
 o - a +2 helmet of see invisible (worn)
 D - a +1 naga barding of cold resistance
 H - the +4 shield of Altruism {+Blink rElec Str+4 Dex-4}
   (You took it off a tengu reaver on level 5 of the Vaults)

   It affects your strength (+4).
   It affects your dexterity (-4).
   It insulates you from electricity.
   It lets you blink.
 O - the +0 naga barding of Amiosyro (worn) {rF+ Str+7}
   (You acquired it on level 4 of the Depths)

   It affects your strength (+7).
   It protects you from fire.
 S - a scarf of spirit shield (worn)
 Z - the +10 large shield of Ignorance (worn) {rN+ Int-4}
   (You took it off a deep elf knight on level 5 of the Vaults)

   It affects your intelligence (-4).
   It protects you from negative energy.
Jewellery
 l - an uncursed ring of protection from fire
 v - an uncursed ring of protection from cold
 C - an uncursed ring of protection from magic
 F - an uncursed ring of resist corrosion
 L - the ring of Zuhogaokh (right hand) {+Blink rN+ Str+4 Int+5 Dex-2}
   (You acquired it on level 1 of the Tomb of the Ancients)

   [ring of strength]

   It affects your strength (+4).
   It affects your intelligence (+5).
   It affects your dexterity (-2).
   It protects you from negative energy.
   It lets you blink.
 X - a ring of protection from cold (left hand)
 Y - the amulet of the Four Winds (around neck) {rN+ MR+++ Clar}
   (You bought it in a shop on level 2 of the Orcish Mines)

   [amulet of nothing]

   It protects you from negative energy.
   It affects your resistance to hostile enchantments.
   It protects you against confusion.
Wands
 c - a wand of acid (19)
 p - a wand of clouds (3)
 z - a wand of flame (30)
 G - a wand of iceblast (6)
 M - a wand of paralysis (86)
 Q - a wand of disintegration (31)
 T - a wand of digging (23)
 V - a wand of scattershot (2)
Scrolls
 g - 29 scrolls of teleportation
 h - 17 scrolls of remove curse
 q - 6 scrolls of blinking
 r - 4 scrolls of silence
 w - 2 scrolls of identify
 x - 6 scrolls of fog
 J - 6 scrolls of fear
 P - a scroll of magic mapping
 U - 2 scrolls of holy word
Potions
 i - 8 potions of agility
 k - 18 potions of curing
 m - 14 potions of flight
 u - 2 potions of resistance
 B - 2 potions of invisibility
 I - 4 potions of cancellation
 N - 3 potions of might
 W - 12 potions of heal wounds
Miscellaneous
 j - 6 sacks of spiders
 n - the horn of Geryon
 t - a lamp of fire
 y - 4 phantom mirrors
 A - 6 boxes of beasts
Comestibles
 f - 53 rations


   Skills:
 O Level 27 Fighting
 O Level 27 Axes
 - Level 13.2 Throwing
 O Level 27 Armour
 O Level 27 Dodging
 - Level 15.0 Shields
 - Level 10.0 Spellcasting
 + Level 11.0 Conjurations
 + Level 8.8 Necromancy
 + Level 12.1 Translocations
 - Level 20.0 Invocations
 - Level 13.0 Evocations


You had 16 spell levels left.
You knew the following spells:

 Your Spells              Type           Power        Failure   Level  Hunger
a - Apportation           Tloc           ######       1%          1    None
b - Animate Skeleton      Necr           N/A          1%          1    None
c - Controlled Blink      Tloc           N/A          99%         8    #######
d - Force Lance           Conj/Tloc      ######..     1%          4    None
e - Animate Dead          Necr           N/A          2%          4    None
f - Death Channel         Necr           ######....   36%         6    #####..
g - Iron Shot             Conj/Erth      #####.....   82%         6    #####..


Dungeon Overview and Level Annotations

Branches:
Dungeon (15/15)            Temple (1/1) D:5            Lair (6/6) D:11
 Shoals (4/4) Lair:4       Spider (4/4) Lair:3        Slime (5/5) Lair:5
    Orc (2/2) D:9             Elf (3/3) Orc:2        Vaults (5/5) D:13
  Crypt (3/3) Vaults:3       Tomb (1/3) Crypt:3      Depths (5/5) D:15
   Hell (1/1)                 Dis (7/7) Hell            Geh (7/7) Hell
    Coc (7/7) Hell            Tar (7/7) Hell            Zot (5/5) Depths:5

Altars:
Ashenzari
Cheibriados
Dithmenos
Elyvilon
Fedhas
Gozag
Hepliaklqana
Kikubaaqudgha
Makhleb
Nemelex Xobeh
Okawaru
Qazlal
Ru
Sif Muna
Trog
Uskayaw
Vehumet
Wu Jian
Xom
Zin
The Shining One
Jiyva

Shops:
D:13 (   Orc:2 :=((   Elf:1 %   Shoals:1 !}!*   Shoals:2 *   Shoals:4 *
Vaults:1 ((   Vaults:2 %   Depths:1 ![!   Depths:5 [:

Portals:
Hell: Lair:6 Depths:1 Depths:2 Depths:3 Depths:4 Depths:5
Abyss: Depths:1 Depths:4
Pandemonium: Depths:2 Depths:3 Depths:5
Ziggurat: Depths:2
Bazaar: Depths:2

Annotations:
D:13 exclusion: ice statue
D:14 exclusion: Roxanne, Roxanne
Lair:5 exclusion: 3 oklob plants


Innate Abilities, Weirdness & Mutations

You cannot wear boots.
Your serpentine skin is tough. (AC +9)
You have supernaturally acute eyesight. (SInv)
Armour fits poorly on your strangely shaped body.
Your system is resistant to poisons. (rPois)
You cover ground very slowly.
You have a slow metabolism.
You can spit poison.
You can use your snake-like lower body to constrict enemies.
You are surrounded by a mild repulsion field. (EV +2)
You often lose your temper in combat.
Your mind is acute. (Int +2)
Your body often deteriorates upon taking damage.
You are very frail. (-20% HP)
Your magical capacity is very low. (-20% MP)
You occasionally shout uncontrollably at your foes.
You are weak. (Str -2)
You expend magic power (3 MP) to strengthen your wands.


Message History

You kill the white imp!
Cheibriados thoroughly appreciates the change of pace.
No target in view!
No target in view!
Okay, then.
You eat one of the 56 rations.
That ration really hit the spot!
You eat one of the 55 rations.
That ration really hit the spot!
You eat one of the 54 rations.
That ration really hit the spot!
You feel very mighty all of a sudden.
You feel agile all of a sudden.
You feel protected.
A sun demon comes into view.
There is a staircase leading out of the dungeon here.
Okay, then.
You feel very buoyant.
You fly up into the air.
You fade into invisibility!
You are very lightly contaminated with residual magic.
Unknown command.
You have escaped!

..#####...(....###..........#
#.##....######...#..........#
#....####....###............#
...####........##...........#
.#.###..........##.##########
##.##.........3..#.#
##.##............#.#
##.#.....####....#.#
##.#...###
###.@#.##############
##.#..## ####..............(
##.#...###
###....##############
#.#.....####......#
#.##............#.#
#..#............#.########
##.##..........##........#
#..##........##.........#
####..###....###..#.......#


You could see a sun demon.

Vanquished Creatures
  Antaeus (Coc:7)
  Asmodeus (Geh:7)
  the Royal Jelly (Slime:5)
  Ereshkigal (Tar:7)
  The ghost of garbagetei the Ruinous, a legendary DsFE of Vehumet (Tar:7)
  A seraph (Depths:3)
  14 ancient liches
  the Serpent of Hell (Tar:7)
  The ghost of dracomuter the Ruinous, a master DsWz of Sif Muna (Zot:5)
  Dispater (Dis:7)
  4 orbs of fire (Zot:5)
  2 juggernauts (Depths:3)
  32 shard shrikes
  4 pandemonium lords
  Bai Suzhen (Vaults:4)
  2 curse toes (Zot:1)
  4 caustic shrikes (Depths:5)
  5 Killer Klowns (Zot:5)
  Xtahua (Vaults:5)
  Geryon (Hell)
  3 profane servitors
  13 golden dragons
  16 doom hounds
  Jory (Vaults:4)
  2 electric golems (Zot:5)
  Arachne (Spider:2)
  14 liches
  A shard shrike zombie (Crypt:1)
  32 Brimstone Fiends
  24 bone dragons
  11 iron giants
  48 Tzitzimimeh
  Jorgrun (Depths:4)
  2 hellephants (Abyss:3)
  17 Hell Sentinels
  26 tentacled monstrosities
  40 Ice Fiends
  The ghost of hofbold the Nimble, an adept GnMo of Hepliaklqana (Shoals:4)
  13 titans
  32 Orb Guardians
  A quicksilver dragon (shapeshifter) (Vaults:5)
  8 deep elf blademasters
  3 deep elf master archers
  2 quicksilver dragons
  17 death cobs
  The ghost of Noxor the Unseen, an adept GrFi of Zin (Depths:2)
  27 acid blobs
  10 eldritch tentacles
  12 ancient champions
  Gastronok (Lair:3)
  Kirke (D:14)
  18 tentacled starspawn
  6 Executioners
  Frances (Elf:1)
  10 sphinxes
  The ghost of maxonian the Party-goer, an adept VSFi of Uskayaw (Shoals:3)
  2 thorn hunters
  2 krakens
  11 storm dragons
  6 tengu reavers
  Ilsuiw (Shoals:4)
  A nagaraja (Abyss:3)
  Donald (Spider:1)
  29 shadow dragons
  7 draconian monks
  2 daevas
  18 azure jellies
  12 draconian knights
  12 ghost moths
  20 fire giants
  6 deep elf sorcerers
  10 cacodemons
  5 draconian scorchers
  15 iron dragons
  7 emperor scorpions
  21 frost giants
  An angel (Depths:3)
  A curse skull (Crypt:3)
  17 vault wardens
  18 balrugs
  2 draconian shifters
  9 ironheart preservers
  6 draconian stormcallers
  4 elemental wellsprings
  A ghoul (Vaults:3)
  5 deep elf elementalists
  117 reapers
  9 draconian annihilators
  36 stone giants
  25 very ugly things
  18 war gargoyles
  8 entropy weavers
  13 vampire knights
  8 deep elf demonologists
  13 red draconians
  17 white draconians
  11 green draconians
  2 lorocyprocas
  6 dire elephants
  16 purple draconians
  13 yellow draconians
  7 black draconians
  5 deep elf annihilators
  8 spark wasps
  8 death oozes
  8 merfolk impalers
  26 blizzard demons
  17 ettins
  3 green deaths
  2 mummy priests
  5 merfolk javelineers
  10 quicksilver dragon zombies
  6 deep elf death magi
  4 eidola
  The ghost of Bal the Blocker, a journeyman DsBe of Trog (D:12)
  12 fire dragons
  13 yaktaur captains
  Josephine (D:12)
  A kraken zombie (Coc:5)
  19 jiangshi
  7 deep elf high priests
  18 great orbs of eyes
  3 quicksilver dragon skeletons
  29 ice dragons
  7 hydras
  3 ghost crabs
  5 rakshasas
  Erolcha (D:11)
  30 vault guards
  A monstrous demonspawn (Depths:3)
  10 centaur warriors
  3 alligator snapping turtles
  67 starcursed masses
  2 satyrs (Shoals:4)
  4 death knights
  A catoblepas (D:13)
  43 two-headed ogres
  2 merfolk avatars
  5 tengu warriors
  6 merfolk aquamancers
  2 spriggan air magi
  34 dancing weapons
  13 ogre magi
  A death yak (shapeshifter) (Vaults:5)
  4 death scarabs (Tomb:1)
  6 orc high priests
  6 deep troll earth magi
  15 titan zombies
  6 deep troll shamans
  39 hell hogs
  A queen ant (Spider:1)
  15 vampire magi
  13 iron golems
  24 thrashing horrors
  3 spriggan berserkers (Depths:3)
  74 hell knights
  7 storm dragon zombies
  13 iron trolls
  27 deep elf knights
  28 soul eaters
  31 sun demons
  14 wretched stars
  2 sixfirhies
  9 titan skeletons
  2 salamander mystics
  150 skeletal warriors
  8 spatial maelstroms
  9 storm dragon skeletons
  4 unseen horrors
  24 deep trolls
  15 sea snakes
  5 golden dragon zombies
  6 wizards
  18 shadow wraiths
  A swamp dragon (shapeshifter) (Vaults:5)
  8 death drakes
  3 ghost moth zombies
  A sea snake (shapeshifter) (Depths:3)
  19 anaconda zombies
  25 shadow demons
  19 flayed ghosts
  2 glowing orange brains
  24 deep elf archers
  12 anaconda skeletons
  27 phantasmal warriors
  4 golden dragon skeletons
  16 shadow dragon zombies
  A swamp dragon (Abyss:3)
  11 ironbrand convokers
  The ghost of tensugalgo the Cleaver, a novice NaFi (D:5)
  13 orc knights
  9 iron dragon zombies
  2 harpies (shapeshifter)
  24 harpies
  10 wolf spider zombies
  8 shadow dragon skeletons
  15 frost giant zombies
  2 tengu zombies
  12 shining eyes
  29 wolf spiders
  21 necromancers
  22 stone giant zombies
  58 ugly things
  23 orb spiders
  77 deep elf magi
  3 orc sorcerers
  5 salamanders
  4 oklob plants (Depths:1)
  8 cyclopes
  17 fire giant zombies
  11 manticores
  A cyclops (shapeshifter) (Vaults:4)
  9 iron dragon skeletons
  10 fauns (Shoals:4)
  10 frost giant skeletons
  5 worldbinders
  An elephant (Lair:6)
  11 vault sentinels
  A manticore (shapeshifter) (Depths:2)
  20 moths of wrath
  A guardian serpent (shapeshifter) (Vaults:2)
  8 black mambas
  9 fire giant skeletons
  8 molten gargoyles
  17 dire elephant zombies
  4 stone giant skeletons
  6 apocalypse crabs
  A torpor snail (Spider:4)
  7 water nymphs
  An ice statue (Hell)
  A naga mage (Abyss:5)
  A black mamba (shapeshifter) (Vaults:3)
  11 merfolk sirens
  57 rust devils
  8 gargoyles
  14 orange demons
  A shock serpent skeleton (Geh:3)
  A shock serpent zombie (Geh:3)
  A titan simulacrum (Coc:7)
  21 smoke demons
  2 eyes of devastation
  An elf zombie (D:15)
  A komodo dragon (shapeshifter) (Depths:3)
  13 spiny frogs
  8 dire elephant skeletons
  A white draconian zombie (Crypt:1)
  2 catoblepas zombies
  42 hellions
  9 komodo dragons
  A yaktaur (shapeshifter) (Vaults:5)
  75 freezing wraiths
  4 rime drakes
  8 efreet
  3 emperor scorpion zombies
  6 hellwings
  48 yaktaurs
  77 tormentors
  15 demonic crawlers
  A kobold demonologist (Abyss:3)
  A white draconian skeleton (Tar:7)
  2 anaconda simulacra
  5 guardian mummies
  3 catoblepas skeletons
  9 trolls
  An iron troll skeleton (Crypt:2)
  17 ancient zymes
  13 silent spectres
  2 jumping spiders (shapeshifter)
  28 merfolk
  58 ice devils
  A black draconian skeleton (Crypt:1)
  28 jumping spiders
  2 minotaur skeletons
  44 red devils
  8 tengu conjurers
  A merfolk (shapeshifter) (Depths:2)
  58 raiju
  39 hydra zombies
  A polar bear (Lair:3)
  19 blink frogs
  4 tyrant leeches (Spider:4)
  6 wind drakes
  4 alligator zombies
  8 harpy zombies
  8 hornets
  A hornet (shapeshifter) (Depths:4)
  A wolf spider simulacrum (Coc:7)
  13 hydra skeletons
  14 snapping turtles
  A raiju (shapeshifter) (Abyss:3)
  150 slime creatures
  5 harpy skeletons
  A spriggan zombie (D:15)
  12 ettin zombies
  9 ice dragon zombies
  An iron dragon simulacrum (Coc:4)
  13 hippogriffs
  8 dream sheep
  A centaur simulacrum (D:14)
  11 fire dragon zombies
  4 alligator skeletons
  221 flying skulls
  2 spriggans (Depths:3)
  4 ice dragon skeletons
  5 black mamba zombies
  A dire elephant simulacrum (Coc:4)
  7 air elementals
  7 vampires
  12 ynoxinuls
  38 redbacks
  10 ettin skeletons
  21 tarantellas
  66 wraiths
  52 shadows
  35 yaks
  13 fire dragon skeletons
  6 wyverns
  An ushabti (Tomb:1)
  3 fire bats (Geh:7)
  8 golden eyes
  15 water elementals
  38 fire elementals
  7 hungry ghosts
  12 neqoxecs
  An emperor scorpion simulacrum (Coc:6)
  5 basilisks
  10 chaos spawn
  A wind drake skeleton (Crypt:1)
  13 spatial vortices
  6 vampire mosquitoes
  3 merfolk zombies
  56 large abominations
  21 soldier ants (Spider:1)
  A naga (Abyss:5)
  An acid dragon (D:15)
  21 water moccasins
  14 spiny frog zombies
  2 hydra simulacra
  A floating eye (Slime:5)
  A monstrous demonspawn skeleton (Crypt:2)
  11 porcupines
  113 hell hounds
  A two-headed ogre skeleton (Crypt:1)
  7 spiny frog skeletons
  3 black bears
  A deep troll skeleton (Crypt:1)
  15 phantoms
  A sky beast (Abyss:2)
  An alligator simulacrum (Coc:6)
  14 eyes of draining
  3 manticore zombies
  55 orc warriors
  The ghost of framaz the Skirmisher, an amateur MiFi of Okawaru (D:4)
  11 ice beasts
  3 swamp dragon zombies
  33 necrophages
  14 snapping turtle zombies
  An ettin simulacrum (Coc:7)
  40 small abominations
  19 wolves
  9 boggarts
  12 centaurs
  45 ogres
  2 swamp dragon skeletons
  A crocodile (shapeshifter) (Vaults:3)
  5 manticore skeletons
  A centaur (shapeshifter) (Elf:1)
  8 snapping turtle skeletons
  3 big kobolds
  15 crocodiles
  An octopode zombie (Crypt:1)
  17 bullfrogs
  Blork the orc (D:6)
  4 earth elementals (Spider:4)
  A wyvern zombie (D:11)
  An elf skeleton (Tar:3)
  3 spiny frog simulacra
  5 scorpions
  11 killer bees
  111 wights
  A swamp dragon simulacrum (Abyss:3)
  The ghost of Bal the Skirmisher, a weakling DsAK of Lugonu (D:3)
  3 vampire bats (Abyss:5)
  2 electric eels (Lair:4)
  8 howler monkeys
  2 troll skeletons
  8 centaur zombies
  14 crimson imps
  3 bullfrog skeletons
  4 hounds
  4 quasits
  4 human zombies
  59 iron imps
  4 jellies
  5 centaur skeletons
  15 orc wizards
  32 orc priests
  5 human skeletons
  30 worker ants
  5 iguanas
  An ogre zombie (Coc:7)
  A sky beast zombie (Crypt:2)
  3 naga skeletons
  A hound skeleton (Crypt:2)
  17 mummies
  A worker ant zombie (D:11)
  A gnoll (Bailey)
  21 adders
  29 shadow imps
  26 white imps
  6 ufetubi
  An adder skeleton (D:3)
  3 worms
  A barachi skeleton (Crypt:1)
  A dart slug (D:1)
  5 leopard geckos
  91 orcs
  2 ball pythons
  6 giant cockroaches
  6 goblins
  6 hobgoblins
  3 jackals
  5 quokkas
  A ball python skeleton (Crypt:2)
  6 bats
  3 frilled lizards
  A frilled lizard zombie (Crypt:2)
  A goblin zombie (Crypt:2)
  A jackal skeleton (D:6)
  32 kobolds
  2 kobold skeletons
  2 kobold zombies
  A leopard gecko skeleton (Crypt:2)
  An orc skeleton (Geh:5)
  3 orc zombies
  A quokka skeleton (D:4)
  4 rats
  3 briar patches (Abyss:3)
  A butterfly (Abyss:5)
  10 fire vortices
  7 fungi
  A lurking horror (Abyss:3)
  9 plants
  24 starspawn tentacles
  8 tentacles
  2 withered plants
5730 creatures vanquished.

Vanquished Creatures (collateral kills)
  Mennas (Depths:4)
  A soul eater (Tar:7)
  A hell knight (Crypt:3)
  2 red devils (Crypt:3)
  A redback (Spider:1)
6 creatures vanquished.

Vanquished Creatures (others)
  A titan (Depths:3)
  3 deep elf master archers
  A fire giant (Depths:2)
  A balrug (Geh:3)
  A ghost moth (Zot:5)
  4 elemental wellsprings
  A spark wasp (Depths:5)
  2 merfolk javelineers
  2 yaktaur captains
  A satyr (Shoals:4)
  A thrashing horror (Abyss:5)
  A hell hog (Geh:7)
  A deep elf knight (Elf:2)
  2 deep elf archers
  An anaconda skeleton (Geh:3)
  A stone giant zombie (Geh:3)
  3 fauns (Shoals:4)
  A vault sentinel (Vaults:4)
  13 yaktaurs
  A slime creature (Slime:4)
  A hydra skeleton (Geh:1)
  An alligator zombie (Geh:1)
  An air elemental (Depths:3)
  4 flying skulls
  3 shadows
  A redback (Spider:3)
  2 water elementals (Depths:1)
  5 humans (D:14)
  2 wraiths (Geh:5)
  2 neqoxecs
  An orc warrior (Vaults:2)
  An ogre (Depths:4)
  2 boggarts (Depths:1)
  An elf skeleton (Geh:1)
  A vampire bat (Abyss:5)
  An ogre skeleton (Hell)
  A bat (Abyss:5)
  17 bushes
  A butterfly (Abyss:5)
  A fire vortex (Tar:7)
  18 fungi
  4 lurking horrors (Abyss:3)
  56 plants
  24 starspawn tentacles
  17 tentacles
  35 withered plants (Crypt:3)
245 creatures vanquished.

Grand Total: 5981 creatures vanquished

Notes
Turn   | Place    | Note
-------+----------+-------------------------------------------
     0 | D:1      | tensugalgo the Naga Fighter began the quest for the Orb.
     0 | D:1      | Reached XP level 1. HP: 21/21 MP: 1/1
   226 | D:1      | Reached XP level 2. HP: 26/28 MP: 2/2
   807 | D:2      | Reached XP level 3. HP: 27/34 MP: 3/3
  1124 | D:2      | Found an ornate altar of the Wu Jian Council.
  1279 | D:2      | Found a sacrificial altar of Ru.
  1946 | D:3      | Reached XP level 4. HP: 42/42 MP: 4/4
  2123 | D:3      | Noticed Bal's ghost (weakling DsAK)
  2141 | D:3      | Killed Bal's ghost
  2141 | D:3      | Reached skill level 5 in Axes
  2141 | D:3      | Reached XP level 5. HP: 17/49 MP: 5/5
  2611 | D:4      | Noticed an ogre
  2679 | D:4      | Found a white marble altar of Elyvilon.
  2738 | D:4      | Reached XP level 6. HP: 23/56 MP: 6/6
  2782 | D:4      | Noticed framaz's ghost (amateur MiFi)
  2973 | D:4      | Killed framaz's ghost
  3139 | D:4      | Reached XP level 7. HP: 55/62 MP: 7/7
  3160 | D:4      | Found a glowing golden altar of the Shining One.
  3771 | D:5      | Entered Level 5 of the Dungeon
  3891 | D:5      | Noticed tensugalgo's ghost (novice NaFi)
  3895 | D:5      | Reached XP level 8. HP: 56/69 MP: 8/8
  4345 | D:5      | Found a staircase to the Ecumenical Temple.
  4359 | Temple   | Entered the Ecumenical Temple
  4465 | Temple   | Became a worshipper of Warmaster Okawaru
  4732 | D:5      | Reached skill level 10 in Axes
  4752 | D:5      | Killed tensugalgo's ghost
  4752 | D:5      | Reached * piety under Okawaru
  4782 | D:5      | Reached XP level 9. HP: 57/75 MP: 9/9
  5043 | D:6      | Reached skill level 1 in Dodging
  5096 | D:6      | Noticed Blork the orc
  5115 | D:6      | Killed Blork the orc
  5148 | D:6      | Reached ** piety under Okawaru
  5608 | D:6      | Found a shimmering altar of Xom.
  6345 | D:7      | Noticed a troll
  6354 | D:7      | Killed a troll
  6394 | D:7      | Reached skill level 5 in Fighting
  6401 | D:7      | Reached *** piety under Okawaru
  6401 | D:7      | Reached XP level 10. HP: 59/88 MP: 10/10
  6639 | D:7      | Found a shadowy altar of Dithmenos.
  7548 | D:9      | Noticed a two-headed ogre
  7569 | D:8      | Killed a two-headed ogre
  7828 | D:9      | Found a staircase to the Orcish Mines.
  8287 | D:10     | Entered Level 10 of the Dungeon
  8303 | D:10     | Reached skill level 5 in Armour
  8330 | D:10     | Reached **** piety under Okawaru
  8382 | D:10     | Reached skill level 5 in Shields
  8687 | D:10     | Noticed a gargoyle
  8697 | D:10     | Killed a gargoyle
  8789 | D:10     | Reached ***** piety under Okawaru
  8813 | D:10     | Reached XP level 11. HP: 50/99 MP: 8/11
  9593 | D:10     | Reached skill level 5 in Dodging
  9786 | D:11     | Noticed a six-headed hydra
  9793 | D:11     | Killed a six-headed hydra
  9880 | D:11     | Noticed Erolcha
  9888 | D:11     | Received a gift from Okawaru
 10104 | Orc:1    | Entered Level 1 of the Orcish Mines
 10285 | Orc:1    | Noticed an orc high priest
 10676 | D:9      | Killed an orc high priest
 10757 | Orc:1    | Noticed a stone giant
 11255 | D:11     | Paralysed by a hornet for 3 turns
 11608 | D:11     | Noticed a brown ugly thing
 11632 | D:11     | Killed a brown ugly thing
 11851 | D:11     | Received a gift from Okawaru
 11854 | D:11     | Got an iridescent broad axe {god gift}
 11855 | D:11     | Identified the +1 broad axe of Battle {venom, rN+ SInv Stlth+} (Okawaru gifted it to you on level 11 of the Dungeon)
 11929 | D:11     | Noticed a two-headed ogre
 11941 | D:11     | Killed a two-headed ogre
 12156 | D:11     | Found a staircase to the Lair.
 12251 | D:11     | Paralysed by Erolcha for 2 turns
 12254 | D:11     | Killed Erolcha
 12724 | Lair:1   | Entered Level 1 of the Lair of Beasts
 12740 | Lair:1   | Reached XP level 12. HP: 87/112 MP: 10/12
 13434 | Lair:1   | Found the +8 whip "Snakebite" {curare, rPois}
 13682 | Lair:1   | Received a gift from Okawaru
 15034 | Lair:2   | Reached skill level 10 in Fighting
 15205 | Lair:2   | Found a dark tunnel.
 15420 | Lair:2   | Reached ****** piety under Okawaru
 15679 | Lair:2   | Reached skill level 1 in Invocations
 16070 | Lair:3   | Noticed a seven-headed hydra
 16110 | Lair:3   | Received a gift from Okawaru
 16329 | Lair:3   | Killed a seven-headed hydra
 16329 | Lair:3   | Gained mutation: You can use your snake-like lower body to constrict enemies. [Naga growth]
 16329 | Lair:3   | Reached XP level 13. HP: 35/123 MP: 1/15
 17009 | Lair:3   | Found a hole to the Spider Nest.
 17026 | Lair:3   | Noticed Gastronok
 17052 | Lair:3   | Killed Gastronok
 17052 | Lair:3   | Reached skill level 5 in Invocations
 18027 | Lair:4   | Found a staircase to the Shoals.
 19746 | Lair:5   | Got a dazzling ring mail
 19797 | Lair:4   | Identified the cursed +0 ring mail of the Rose {rPois MR+ SInv} (You found it on level 5 of the Lair of Beasts)
 19842 | Lair:5   | Found a viscous altar of Jiyva.
 19844 | Lair:5   | Found a staircase to the Slime Pits.
 20239 | Lair:5   | Got a transparent quarterstaff
 20556 | Lair:6   | Entered Level 6 of the Lair of Beasts
 20886 | Lair:6   | Received a gift from Okawaru
 21368 | Lair:6   | Reached XP level 14. HP: 95/132 MP: 15/20
 21495 | Lair:6   | Noticed a dire elephant
 21514 | Lair:6   | Killed a dire elephant
 22322 | Lair:6   | Found a burning altar of Makhleb.
 22668 | Lair:6   | Found a gateway to Hell.
 22676 | Lair:6   | Got an ancient platinum ring
 22888 | Lair:1   | Identified the ring of Umizaid {Str-3 Int+10 SInv} (You found it on level 6 of the Lair of Beasts)
 22991 | D:12     | Got a transparent ring mail
 23165 | D:12     | Noticed Bal's ghost (journeyman DsBe)
 23179 | D:12     | Killed Bal's ghost
 23201 | D:12     | Noticed Josephine
 23217 | D:12     | Killed Josephine
 23221 | D:12     | Found a flagged portal.
 23334 | D:12     | Received a gift from Okawaru
 23383 | Bailey   | Entered a bailey
 23519 | Bailey   | Identified the +3 ring mail of Pan-Flutes {rPois Regen+ Stlth+} (You found it on level 12 of the Dungeon)
 23616 | Bailey   | Found a bloodstained altar of Trog.
 24216 | Orc:1    | Killed a stone giant
 24269 | Orc:1    | Found a radiant altar of Vehumet.
 24638 | Orc:2    | Entered Level 2 of the Orcish Mines
 25196 | Orc:2    | Reached skill level 15 in Axes
 25369 | Orc:2    | Received a gift from Okawaru
 25388 | Orc:2    | Reached skill level 1 in Throwing
 25388 | Orc:2    | Reached XP level 15. HP: 124/138 MP: 19/21
 25507 | Orc:2    | Found Cemyrph's Antique Weapon Boutique.
 25510 | Orc:2    | Found Cutt's Jewellery Shop.
 25511 | Orc:2    | Found Plog's Weapon Boutique.
 25512 | Orc:2    | Found Poumic's Book Boutique.
 25522 | Orc:2    | Bought the amulet of the Four Winds {rN+ MR+++ Clar} for 570 gold pieces
 25522 | Orc:2    | Found the amulet of the Four Winds {rN+ MR+++ Clar}
 25616 | Orc:2    | Found a staircase to the Elven Halls.
 25972 | D:13     | Received a gift from Okawaru
 26062 | D:13     | Found a gate to the Vaults.
 26175 | D:13     | Found Zasyod's Antique Weapon Shoppe.
 26413 | D:13     | Received a gift from Okawaru
 26429 | D:13     | Got a heavily runed ring mail {god gift}
 26874 | D:13     | Identified the +4 ring mail of Uliyluc {rElec} (Okawaru gifted it to you on level 13 of the Dungeon)
 26927 | D:14     | Noticed Kirke
 26938 | D:14     | Killed Kirke
 27289 | D:14     | Found a deep blue altar of Sif Muna.
 27300 | D:14     | Reached skill level 10 in Armour
 27616 | D:14     | Reached skill level 5 in Throwing
 27743 | D:14     | Noticed Roxanne
 28204 | D:15     | Entered Level 15 of the Dungeon
 28495 | D:15     | Found a staircase to the Depths.
 28513 | D:15     | Reached skill level 1 in Evocations
 28696 | D:15     | Found a snail-covered altar of Cheibriados.
 28748 | D:15     | Reached XP level 16. HP: 101/146 MP: 14/22
 28782 | D:14     | Received a gift from Okawaru
 29139 | D:14     | Received a gift from Okawaru
 29191 | D:14     | Got an iridescent lajatang {god gift}
 29545 | D:15     | Identified a scroll of acquirement
 29551 | D:15     | Got a pair of encrusted gloves
 29562 | D:15     | Identified the +0 pair of gloves of Dishonour {+Inv Int+4} (You acquired it on level 15 of the Dungeon)
 29673 | D:15     | Identified the +5 lajatang of the Distant Future {elec, Str+2} (Okawaru gifted it to you on level 14 of the Dungeon)
 29908 | Spider:1 | Entered Level 1 of the Spider Nest
 30412 | Spider:1 | Received a gift from Okawaru
 30747 | Spider:1 | Noticed Donald
 30760 | Spider:1 | Killed Donald
 30820 | Spider:1 | Received a gift from Okawaru
 30823 | Spider:1 | Got a pair of smoking gloves {god gift}
 30946 | Spider:1 | Reached skill level 5 in Evocations
 31478 | Spider:1 | Identified the +0 pair of gloves "Ojoggumo" {Str+3} (Okawaru gifted it to you on level 1 of the Spider Nest)
 32179 | Spider:2 | Noticed Arachne
 32210 | Spider:2 | Killed Arachne
 32343 | Spider:2 | Learned a level 1 spell: Apportation
 32345 | Spider:2 | Learned a level 1 spell: Animate Skeleton
 32684 | Spider:3 | Reached XP level 17. HP: 137/153 MP: 20/23
 32724 | Spider:2 | Received a gift from Okawaru
 34290 | Spider:3 | Received a gift from Okawaru
 34482 | Spider:3 | Got a glittering marble ring
 34927 | Spider:3 | Identified the ring "Cooh" {rElec MR+ Str-4 Int+3} (You found it on level 3 of the Spider Nest)
 35107 | Spider:4 | Entered Level 4 of the Spider Nest
 35460 | Spider:4 | Received a gift from Okawaru
 35586 | Spider:4 | Received a gift from Okawaru
 35712 | Spider:4 | Received a gift from Okawaru
 35875 | Spider:4 | Received a gift from Okawaru
 36437 | Spider:4 | Received a gift from Okawaru
 37158 | Spider:4 | Received a gift from Okawaru
 37196 | Spider:4 | Got a gossamer rune of Zot
 37685 | Shoals:1 | Entered Level 1 of the Shoals
 37816 | Shoals:1 | Found Cimo's Assorted Antiques.
 37877 | Shoals:1 | Found Cuter Buh's Gadget Boutique.
 37879 | Shoals:1 | Found Qug Lole's Distillery.
 37923 | Shoals:1 | Cast into level 2 of the Abyss (merfolk impaler)
 38055 | Shoals:1 | Escaped the Abyss
 38376 | Shoals:1 | Found Aplomoih's Distillery.
 38383 | Shoals:1 | Reached XP level 18. HP: 160/160 MP: 24/24
 39289 | Shoals:2 | Found Wuattieb's General Store.
 39568 | Shoals:2 | Received a gift from Okawaru
 40183 | Shoals:2 | Received a gift from Okawaru
 40744 | Shoals:3 | Noticed maxonian's ghost (adept VSFi)
 40779 | Shoals:3 | Killed maxonian's ghost
 40779 | Shoals:3 | Received a gift from Okawaru
 42201 | Shoals:4 | Entered Level 4 of the Shoals
 42622 | Shoals:4 | Noticed Ilsuiw
 42819 | Shoals:4 | Killed Ilsuiw
 42954 | Shoals:4 | Noticed hofbold's ghost (adept GnMo)
 43126 | Shoals:4 | Killed hofbold's ghost
 43126 | Shoals:4 | Reached skill level 10 in Dodging
 43873 | Shoals:4 | Received a gift from Okawaru
 43896 | Shoals:4 | Identified the +3 crystal plate armour of Polytheism {rCorr Int+4} (Okawaru gifted it to you on level 4 of the Shoals)
 44301 | Shoals:4 | Reached XP level 19. HP: 104/176 MP: 15/25
 45184 | Shoals:4 | Found Doanu's Assorted Antiques.
 45407 | Shoals:4 | Got a barnacled rune of Zot
 45873 | Vaults:1 | Entered Level 1 of the Vaults
 46373 | Vaults:1 | Found Jeteoj's Antique Weapon Shoppe.
 46411 | Vaults:1 | Received a gift from Okawaru
 47413 | Vaults:1 | Found Loixoj's Antique Weapon Shop.
 47902 | Vaults:1 | Received a gift from Okawaru
 47911 | Vaults:1 | Got a distressingly furry ring mail {god gift}
 47922 | Vaults:1 | Identified the +5 ring mail of the Hills {rF- rC+ Str+3} (Okawaru gifted it to you on level 1 of the Vaults)
 48447 | Vaults:2 | Found Anerun's Food Boutique.
 48481 | Vaults:2 | Reached XP level 20. HP: 159/189 MP: 22/26
 49790 | Vaults:2 | Got a scorched ring mail
 49801 | Vaults:2 | Identified the +5 ring mail of True Grit {rElec rC- rCorr Dex+5} (You found it on level 2 of the Vaults)
 50544 | Vaults:3 | Received a gift from Okawaru
 52037 | Vaults:3 | Found a staircase to the Crypt.
 52335 | Vaults:4 | Reached skill level 15 in Fighting
 52352 | Vaults:4 | Received a gift from Okawaru
 52484 | Vaults:4 | Noticed Bai Suzhen
 52521 | Vaults:4 | Killed Bai Suzhen
 52871 | Vaults:4 | Noticed Jory
 52890 | Vaults:4 | HP: 8/194 [ogre mage/bolt of fire (11)]
 52897 | Vaults:4 | Killed Jory
 52897 | Vaults:4 | Reached skill level 15 in Armour
 52966 | Vaults:4 | Reached XP level 21. HP: 36/201 MP: 8/27
 54402 | Vaults:5 | Entered Level 5 of the Vaults
 54493 | Vaults:4 | Received a gift from Okawaru
 55033 | Vaults:4 | Received a gift from Okawaru
 55821 | Vaults:5 | Noticed a golden dragon
 55835 | Vaults:5 | Killed a golden dragon
 55835 | Vaults:5 | Received a gift from Okawaru
 56054 | Vaults:5 | Got a polished war axe {god gift}
 56198 | Vaults:5 | Noticed an ancient lich
 56223 | Vaults:5 | HP: 8/205 [disintegration (32)]
 56226 | Vaults:5 | Killed an ancient lich
 56229 | Vaults:5 | Received a gift from Okawaru
 57022 | Vaults:5 | Reached XP level 22. HP: 155/216 MP: 20/28
 57133 | Vaults:5 | Got a bound amber ring
 57459 | Vaults:5 | Got a faintly glowing chain mail {god gift}
 57648 | Vaults:5 | Identified the +1 chain mail of Hadjma {Int+4} (Okawaru gifted it to you on level 5 of the Vaults)
 57701 | Vaults:5 | Got an uncursed bloodstained battleaxe {drain}
 58369 | Vaults:5 | Noticed a golden dragon
 58385 | Vaults:5 | Received a gift from Okawaru
 58388 | Vaults:5 | Killed a golden dragon
 58826 | Vaults:5 | Noticed Xtahua
 58846 | Vaults:5 | Killed Xtahua
 58854 | Vaults:5 | Noticed an ancient lich
 58854 | Vaults:5 | Noticed an ancient lich
 58865 | Vaults:5 | Killed an ancient lich
 58879 | Vaults:5 | Killed an ancient lich
 58879 | Vaults:5 | Received a gift from Okawaru
 59604 | Vaults:5 | Got a spiked shield {god gift}
 59615 | Vaults:5 | Identified the +0 shield of Forking Paths {rC+ Str+3} (Okawaru gifted it to you on level 5 of the Vaults)
 59671 | Vaults:5 | Identified the +5 war axe of the Volcano {speed, rC+ MR+ Str+5} (Okawaru gifted it to you on level 5 of the Vaults)
 59746 | Vaults:3 | Identified the ring "Luagabb" {rPois MR+ Int+3 Dex+3 Stlth-} (You took it off a vault warden on level 5 of the Vaults)
 59922 | Vaults:5 | Got a steaming amethyst amulet
 60132 | Vaults:5 | Identified the amulet "Avveat" {Faith rPois rN+ Int+4 Dex+3} (You took it off an ironheart preserver on level 5 of the Vaults)
 60160 | Vaults:5 | Got a silver rune of Zot
 60405 | Vaults:5 | Found the +8 orange crystal plate armour {Archmagi, Int+3 Clar}
 60426 | Vaults:5 | Got an encrusted helmet
 60432 | Vaults:5 | Identified the cursed +0 helmet "Bosibygh" {SInv Stlth+} (You found it on level 5 of the Vaults)
 61009 | Slime:1  | Entered Level 1 of the Pits of Slime
 61011 | Slime:1  | Gained mutation: You occasionally shout uncontrollably at your foes. [a shining eye]
 61057 | Slime:1  | Reached skill level 1 in Necromancy
 61099 | Slime:1  | Reached XP level 23. HP: 202/228 MP: 7/29
 61100 | Slime:1  | Gained mutation: Your magical capacity is low. (-10% MP) [a shining eye]
 61707 | Slime:2  | Gained mutation: You are weak. (Str -2) [a shining eye]
 61762 | Slime:2  | Received a gift from Okawaru
 62849 | Slime:1  | Gained mutation: You tend to lose your temper in combat. [a shining eye]
 64470 | Slime:4  | Received a gift from Okawaru
 64710 | Slime:5  | Entered Level 5 of the Pits of Slime
 64719 | Slime:5  | Reached skill level 5 in Necromancy
 65136 | Slime:4  | Gained mutation: You are covered in fur. (AC +1) [a shining eye]
 65367 | Slime:4  | Received a gift from Okawaru
 67081 | Slime:5  | Paralysed by a floating eye for 2 turns
 67084 | Slime:5  | Paralysed by a floating eye for 2 turns
 67137 | Slime:5  | Noticed the Royal Jelly
 67213 | Slime:5  | Killed the Royal Jelly
 67213 | Slime:5  | Received a gift from Okawaru
 67213 | Slime:5  | Reached XP level 24. HP: 152/240 MP: 12/26
 67586 | Slime:5  | Got a slimy rune of Zot
 67612 | Slime:5  | Gained mutation: Your magical capacity is very low. (-20% MP) [a shining eye]
 67621 | Slime:5  | Gained mutation: You expend magic power (3 MP) to strengthen your wands. [a shining eye]
 67678 | Slime:5  | Identified Doethril's Incunabulum of Fiery Aid
 67707 | Slime:5  | Identified Okesch Vusa's Disquisition on the Mutagenic Snowflakes
 67744 | Slime:5  | Identified Easy Witchery
 67746 | Slime:5  | Identified the ring "Ytiwk" {rPois rF- rC+ Dex+8 Slay-3} (You found it on level 5 of the Pits of Slime)
 67909 | Slime:5  | Lost mutation: You occasionally shout uncontrollably at your foes. [potion of mutation]
 67909 | Slime:5  | Lost mutation: You expend magic power (3 MP) to strengthen your wands. [potion of mutation]
 67909 | Slime:5  | Lost mutation: You tend to lose your temper in combat. [potion of mutation]
 67909 | Slime:5  | Lost mutation: Your magical capacity is very low. (-20% MP) [potion of mutation]
 67909 | Slime:5  | Gained mutation: You expend magic power (3 MP) to strengthen your wands. [potion of mutation]
 67909 | Slime:5  | Gained mutation: You can exhale a cloud of poison. [potion of mutation]
 68241 | D:15     | Fell from the grace of Okawaru
 68242 | D:15     | Became a worshipper of Cheibriados the Contemplative
 68257 | Depths:1 | Entered Level 1 of the Depths
 68375 | Depths:1 | Reached * piety under Cheibriados
 68832 | Depths:1 | Found a one-way gate to the infinite horrors of the Abyss.
 68842 | Depths:1 | Found Elidd's Distillery.
 68842 | Depths:1 | Found Xenk's Antique Armour Shoppe.
 68846 | Depths:1 | Found Eqap's Distillery.
 68888 | Depths:1 | Bought a potion of heal wounds for 80 gold pieces
 68888 | Depths:1 | Bought 2 potions of heal wounds for 160 gold pieces
 68888 | Depths:1 | Bought a potion of heal wounds for 80 gold pieces
 68902 | Depths:1 | Reached ** piety under Cheibriados
 68926 | Depths:1 | Found the +3 pair of gauntlets of War {Slay+5}
 69402 | Depths:1 | Reached *** piety under Cheibriados
 70211 | Depths:1 | Got a translucent copper ring
 70229 | Depths:1 | Identified the ring of Boxiatz {*Slow Int+6 Dex+6} (You found it on level 1 of the Depths)
 70414 | Depths:2 | Noticed Noxor's ghost (adept GrFi)
 70420 | Depths:2 | Reached **** piety under Cheibriados
 70438 | Depths:2 | Killed Noxor's ghost
 70874 | Depths:2 | Got a fine platinum amulet
 70920 | Depths:2 | Identified the amulet "Ferchieluj" {Inacc *Corrode rPois Str+7 Stlth-} (You found it on level 2 of the Depths)
 70992 | Depths:2 | Reached ***** piety under Cheibriados
 70996 | Depths:2 | Got a distressingly furry chain mail
 71135 | Depths:2 | Found a one-way gate leading to the halls of Pandemonium.
 71267 | Depths:2 | Found a gateway to a ziggurat.
 71296 | Depths:2 | Found a gateway to a bazaar.
 71422 | Depths:3 | Noticed a juggernaut
 71422 | Depths:3 | Noticed a juggernaut
 71436 | Depths:3 | Killed a juggernaut
 71436 | Depths:3 | Reached XP level 25. HP: 251/251 MP: 26/26
 71443 | Depths:3 | Killed a juggernaut
 72833 | Depths:3 | Was forgiven by Okawaru
 72962 | Depths:3 | Reached ****** piety under Cheibriados
 73670 | Depths:4 | Noticed Jorgrun
 73674 | Depths:4 | Killed Jorgrun
 73749 | Depths:4 | Noticed Mennas
 73758 | Depths:4 | Killed Mennas
 73872 | Depths:3 | Identified the cursed +0 chain mail "Xohev" {rPois} (You found it on level 2 of the Depths)
 74293 | Depths:4 | Reached XP level 26. HP: 257/265 MP: 26/26
 74326 | Depths:4 | Got a scorched naga barding
 74337 | Depths:4 | Identified the +0 naga barding of Amiosyro {rF+ Str+7} (You acquired it on level 4 of the Depths)
 74475 | Depths:5 | Entered Level 5 of the Depths
 74936 | Depths:5 | Found Mawi's Book Boutique.
 74936 | Depths:5 | Found Diroz's Antique Armour Shop.
 75331 | Depths:5 | Found a gate to the Realm of Zot.
 75989 | Vaults:5 | Got a distressingly furry shield
 76000 | Vaults:5 | Identified the +4 shield of Altruism {+Blink rElec Str+4 Dex-4} (You took it off a tengu reaver on level 5 of the Vaults)
 76713 | Hell     | Entered the Vestibule of Hell
 76713 | Hell     | Noticed Geryon
 76745 | Hell     | Reached skill level 10 in Shields
 77135 | Hell     | Killed Geryon
 77511 | Hell     | Found a gateway to the decaying netherworld of Tartarus.
 77583 | Hell     | Found a gateway to the freezing wastes of Cocytus.
 77710 | Hell     | Found a gateway to the Iron City of Dis.
 77782 | Hell     | Reached XP level 27. HP: 273/273 MP: 26/26
 77784 | Hell     | Found a gateway to the ashen valley of Gehenna.
 78043 | Depths:1 | Bought a potion of mutation for 128 gold pieces
 78054 | Depths:1 | Bought a potion of mutation for 160 gold pieces
 78070 | Depths:1 | Voluntarily entered the Abyss.
 78475 | Abyss:2  | Found a corrupted altar of Lugonu.
 78476 | Abyss:2  | Found an opulent altar of Gozag.
 78487 | Abyss:2  | Gained mutation: You are resistant to electric shocks. (rElec) [a neqoxec]
 78947 | Abyss:2  | Found a corrupted altar of Lugonu.
 79687 | Abyss:3  | Found a corrupted altar of Lugonu.
 79747 | Abyss:3  | Found a corrupted altar of Lugonu.
 79827 | Abyss:3  | Found a shimmering altar of Xom.
 79827 | Abyss:3  | Found a deep blue altar of Sif Muna.
 79827 | Abyss:3  | Found a hide-covered altar of Uskayaw.
 79828 | Abyss:3  | Found a snail-covered altar of Cheibriados.
 79828 | Abyss:3  | Found an ancient bone altar of Kikubaaqudgha.
 79828 | Abyss:3  | Found a hazy altar of Hepliaklqana.
 79828 | Abyss:3  | Found a shadowy altar of Dithmenos.
 79828 | Abyss:3  | Found a bloodstained altar of Trog.
 79828 | Abyss:3  | Found a burning altar of Makhleb.
 79828 | Abyss:3  | Found an ornate altar of the Wu Jian Council.
 79854 | Abyss:3  | Found a hazy altar of Hepliaklqana.
 79924 | Abyss:3  | Found a corrupted altar of Lugonu.
 79953 | Abyss:3  | Found a runed door.
 79962 | Abyss:3  | Identified the ring of Xom's Full Attention {*Corrode rPois MP+9 Str+7 Int+2} (You found it on level 3 of the Abyss)
 80070 | Abyss:3  | Gained mutation: You are very weak. (Str -4) [a neqoxec]
 80095 | Abyss:3  | Found a corrupted altar of Lugonu.
 80195 | Abyss:3  | Gained mutation: You are clumsy. (Dex -2) [a neqoxec]
 80252 | Abyss:3  | Paralysed by accursed screaming for 1 turns
 80461 | Abyss:3  | Gained mutation: Your magical capacity is very low. (-20% MP) [a neqoxec]
 81032 | Abyss:3  | Reached skill level 15 in Shields
 81130 | Abyss:3  | Reached skill level 1 in Translocations
 81359 | Abyss:3  | Paralysed by accursed screaming for 1 turns
 81380 | Abyss:3  | Got an abyssal rune of Zot
 81722 | Abyss:3  | Reached skill level 5 in Translocations
 82072 | Abyss:3  | Gained mutation: You have an uncontrollable temper. [a neqoxec]
 82192 | Depths:1 | Escaped the Abyss
 82486 | Zot:1    | Entered Level 1 of the Realm of Zot
 83021 | Zot:1    | Noticed an ancient lich
 83029 | Zot:1    | Killed an ancient lich
 83045 | Zot:1    | Noticed an ancient lich
 83050 | Zot:1    | Killed an ancient lich
 84218 | Zot:2    | Found a burning altar of Makhleb.
 86481 | Zot:4    | Reached skill level 27 in Fighting
 86725 | Zot:5    | Entered Level 5 of the Realm of Zot
 86749 | Zot:5    | Noticed dracomuter's ghost (master DsWz)
 86776 | Zot:5    | Killed dracomuter's ghost
 86812 | Zot:5    | Reached skill level 10 in Invocations
 86891 | Zot:5    | Noticed an ancient lich
 86895 | Zot:5    | Gained mutation: You often lose your temper in combat. [a cacodemon]
 86899 | Zot:5    | Gained mutation: You are dopey. (Int -2) [a cacodemon]
 86905 | Zot:5    | Killed an ancient lich
 87021 | Zot:5    | Noticed an ancient lich
 87027 | Zot:5    | Killed an ancient lich
 87084 | Zot:5    | Noticed an ancient lich
 87092 | Zot:5    | Killed an ancient lich
 87243 | Zot:5    | Noticed an ancient lich
 87249 | Zot:5    | Killed an ancient lich
 87337 | Zot:5    | Reached skill level 15 in Invocations
 87374 | Zot:5    | Noticed an orb of fire
 87385 | Zot:5    | Gained mutation: You have a pair of small horns on your head. [an orb of fire]
 87387 | Zot:5    | Killed an orb of fire
 87465 | Zot:5    | Noticed an orb of fire
 87476 | Zot:5    | Killed an orb of fire
 87741 | Zot:5    | Noticed an orb of fire
 87742 | Zot:5    | Lost mutation: You have a pair of small horns on your head. [an orb of fire]
 87753 | Zot:5    | Killed an orb of fire
 87852 | Zot:5    | Noticed an orb of fire
 87853 | Zot:5    | Lost mutation: You are dopey. (Int -2) [an orb of fire]
 87867 | Zot:5    | Killed an orb of fire
 88164 | Hell     | Lost mutation: You are covered in fur. (AC +1) [potion of mutation]
 88164 | Hell     | Lost mutation: You are clumsy. (Dex -2) [potion of mutation]
 88164 | Hell     | Gained mutation: Your spells are a little harder to cast, but a little more powerful. [potion of mutation]
 88537 | Coc:1    | Entered Level 1 of Cocytus
 91028 | Coc:7    | Entered Level 7 of Cocytus
 92511 | Coc:4    | Gained mutation: You are frail. (-10% HP) [mutagenic glow]
 93305 | Coc:7    | Gained mutation: You are clumsy. (Dex -2) [mutagenic glow]
 93328 | Coc:7    | Lost mutation: You expend magic power (3 MP) to strengthen your wands. [mutagenic glow]
 94206 | Coc:7    | Gained mutation: You are very frail. (-20% HP) [mutagenic glow]
 94223 | Coc:7    | Gained mutation: You expend magic power (3 MP) to strengthen your wands. [mutagenic glow]
 94764 | Coc:7    | Noticed Antaeus
 94799 | Coc:7    | Killed Antaeus
 94918 | Coc:7    | Got an icy rune of Zot
 95138 | Geh:1    | Entered Level 1 of Gehenna
 97807 | Geh:7    | Entered Level 7 of Gehenna
 98463 | Geh:7    | Reached skill level 27 in Axes
 99553 | Geh:7    | Noticed Asmodeus
 99563 | Geh:7    | Killed Asmodeus
 99979 | Geh:7    | Got an obsidian rune of Zot
 99988 | Geh:7    | Identified the Reference Book on Transformation
100510 | Dis:1    | Entered Level 1 of the Iron City of Dis
101762 | Dis:2    | Gained mutation: You are partially covered in yellow scales. (AC +2) [mutagenic glow]
102096 | Dis:4    | Reached skill level 27 in Armour
102536 | Dis:4    | Reached skill level 15 in Dodging
102703 | Dis:4    | Lost mutation: You are clumsy. (Dex -2) [a cacodemon]
105021 | Dis:7    | Entered Level 7 of the Iron City of Dis
107227 | Dis:7    | Gained mutation: Your body sometimes deteriorates upon taking damage. [a cacodemon]
107258 | Dis:7    | Noticed Dispater
107273 | Dis:7    | Killed Dispater
107623 | Dis:7    | Got an iron rune of Zot
108179 | Elf:1    | Entered Level 1 of the Elven Halls
108277 | Elf:1    | Noticed Frances
108287 | Elf:1    | Killed Frances
108425 | Elf:1    | Found Ocot's Food Emporium.
108798 | Elf:1    | Identified Loataf's Guide on Supportive Conjuration
109201 | Elf:2    | Found a runed gate.
109201 | Elf:2    | Found a runed gate.
109201 | Elf:2    | Found a runed gate.
109733 | Elf:3    | Entered Level 3 of the Elven Halls
110421 | Elf:3    | Identified Imumuq's Grimoire of Venom and Moulding
110432 | Elf:3    | Identified Agewn's Handbook of Ice
110445 | Elf:3    | Identified Etseghi's Reference Book on the Volcanoes
111006 | Tar:1    | Entered Level 1 of Tartarus
115163 | Tar:7    | Entered Level 7 of Tartarus
115575 | Tar:7    | Gained mutation: Your magical capacity is extremely low. (-30% MP) [mutagenic glow]
115619 | Tar:7    | Reached skill level 27 in Dodging
115641 | Tar:7    | Reached skill level 1 in Spellcasting
115893 | Tar:7    | Gained mutation: You are extremely frail. (-30% HP) [mutagenic glow]
115929 | Tar:7    | Gained mutation: Your body often deteriorates upon taking damage. [mutagenic glow]
115999 | Tar:7    | Noticed garbagetei's ghost (legendary DsFE)
116027 | Tar:7    | Killed garbagetei's ghost
116027 | Tar:7    | Reached skill level 10 in Throwing
116082 | Tar:7    | Reached skill level 5 in Spellcasting
116292 | Tar:7    | Noticed an ancient lich
116298 | Tar:7    | Killed an ancient lich
116449 | Tar:7    | Reached skill level 10 in Evocations
116524 | Tar:7    | Noticed Ereshkigal
116538 | Tar:7    | Killed Ereshkigal
116541 | Tar:7    | Noticed the Serpent of Hell
116558 | Tar:7    | Killed the Serpent of Hell
116844 | Tar:7    | Got a bone rune of Zot
117328 | Shoals:1 | Bought a potion of mutation for 136 gold pieces
117328 | Shoals:1 | Bought a potion of heal wounds for 85 gold pieces
117328 | Shoals:1 | Bought a potion of heal wounds for 85 gold pieces
117351 | Shoals:1 | Bought a potion of heal wounds for 75 gold pieces
117351 | Shoals:1 | Bought a potion of heal wounds for 75 gold pieces
117351 | Shoals:1 | Lost mutation: You can exhale a cloud of poison. [potion of mutation]
117351 | Shoals:1 | Lost mutation: Your spells are a little harder to cast, but a little more powerful. [potion of mutation]
117351 | Shoals:1 | Lost mutation: You are partially covered in yellow scales. (AC +2) [potion of mutation]
117351 | Shoals:1 | Lost mutation: You are resistant to electric shocks. (rElec) [potion of mutation]
117351 | Shoals:1 | Gained mutation: Your mind is acute. (Int +2) [potion of mutation]
117352 | Shoals:1 | Lost mutation: You are extremely frail. (-30% HP) [potion of mutation]
117352 | Shoals:1 | Lost mutation: Your mind is acute. (Int +2) [potion of mutation]
117352 | Shoals:1 | Gained mutation: You evolve. [potion of mutation]
117352 | Shoals:1 | Lost mutation: Your magical capacity is extremely low. (-30% MP) [potion of mutation]
117352 | Shoals:1 | Lost mutation: You are very weak. (Str -4) [potion of mutation]
117352 | Shoals:1 | Gained mutation: You are surrounded by a mild repulsion field. (EV +2) [potion of mutation]
117679 | Crypt:1  | Entered Level 1 of the Crypt
118503 | Vaults:3 | Gained mutation: Your mind is acute. (Int +2) [evolution]
118763 | Shoals:1 | Bought 2 scrolls of enchant weapon for 420 gold pieces
118763 | Shoals:1 | Bought a scroll of enchant armour for 210 gold pieces
118819 | Shoals:2 | Bought a scroll of enchant weapon for 127 gold pieces
118819 | Shoals:2 | Bought a scroll of blinking for 127 gold pieces
118869 | Shoals:4 | Bought a scroll of enchant armour for 225 gold pieces
118869 | Shoals:4 | Bought a scroll of blinking for 225 gold pieces
120016 | Crypt:3  | Entered Level 3 of the Crypt
120109 | Crypt:3  | Reached skill level 10 in Spellcasting
120392 | Crypt:3  | Learned a level 8 spell: Controlled Blink
120398 | Crypt:3  | Learned a level 4 spell: Force Lance
120476 | Crypt:3  | Identified the Handbook of the Rocks and Black Rituals
120481 | Crypt:3  | Identified the cursed +1 broad axe "Inoh" {venom, MR- Str+9 Dex-3 Stlth+} (You found it on level 3 of the Crypt)
120491 | Crypt:3  | Learned a level 4 spell: Animate Dead
120591 | Crypt:3  | Reached skill level 1 in Conjurations
120794 | Crypt:3  | Found a staircase to the Tomb.
120925 | Crypt:3  | Found an ancient bone altar of Kikubaaqudgha.
120926 | Crypt:3  | Noticed an ancient lich
120929 | Crypt:3  | Killed an ancient lich
120937 | Crypt:3  | Noticed an ancient lich
120945 | Crypt:3  | Killed an ancient lich
120960 | Crypt:3  | Identified Meelemn's Collected Works on Dark Arts
120968 | Crypt:3  | Learned a level 6 spell: Death Channel
121016 | Crypt:3  | Learned a level 6 spell: Iron Shot
121467 | Tomb:1   | Entered Level 1 of the Tomb of the Ancients
121559 | Tomb:1   | Reached skill level 5 in Conjurations
121820 | Tomb:1   | Identified the ring of Zuhogaokh {+Blink rN+ Str+4 Int+5 Dex-2} (You acquired it on level 1 of the Tomb of the Ancients)
122061 | Tomb:1   | Noticed an ancient lich
122064 | Tomb:1   | Noticed a greater mummy
122065 | Tomb:1   | Noticed a greater mummy
122067 | Tomb:1   | Noticed a greater mummy
122076 | Tomb:1   | Killed an ancient lich
122110 | Tomb:1   | Gained mutation: You occasionally shout uncontrollably at your foes. [mutagenic glow]
123103 | Zot:5    | Got the Orb of Zot
123159 | Zot:5    | Noticed an ancient lich
123164 | Zot:5    | Killed an ancient lich
123355 | Depths:3 | Noticed a seraph
123367 | Depths:3 | Killed a seraph
123367 | Depths:3 | Reached skill level 10 in Translocations
123383 | Depths:3 | Noticed Oqial the pandemonium lord
123392 | Depths:3 | Killed Oqial the pandemonium lord
123408 | Depths:2 | Noticed Wiroed the pandemonium lord
123411 | Depths:2 | Cast into level 5 of the Abyss (Wiroed)
123411 | Abyss:5  | Entered Level 5 of the Abyss
123608 | Abyss:5  | Reached skill level 10 in Conjurations
123616 | Abyss:5  | Lost mutation: You evolve. [end of evolution]
123653 | Depths:2 | Escaped the Abyss
123661 | Depths:2 | Killed Wiroed the pandemonium lord
123771 | D:12     | Noticed Zykk the pandemonium lord
123780 | D:11     | Killed Zykk the pandemonium lord
123970 | D:4      | Noticed Geguxki the pandemonium lord
123977 | D:4      | Killed Geguxki the pandemonium lord
124095 | D:$      | Escaped with the Orb!

Skill      XL: |  1  2  3  4  5  6  7  8  9 10 11 12 13 14 15 16 17 18 19 20 21 22 23 24 25 26 27 |
---------------+----------------------------------------------------------------------------------+-----
Axes           | 3 4 5 6 7 9 11 13 15 16 17 18 19 20 21 27 | 27.0
Dodging        | 3 4 5 6 8 10 11 13 14 27 | 27.0
Armour         | 4 5 7 8 9 10 11 12 13 14 15 16 17 18 19 20 27 | 27.0
Shields        | 4 5 7 9 11 15 | 15.0
Fighting       | 5 6 8 10 12 13 15 16 18 19 20 21 27 | 27.0
Invocations    | 3 8 20 | 20.0
Throwing       | 1 5 8 9 13 | 13.2
Evocations     | 1 5 7 13 | 13.0
Necromancy     | 1 7 8 |  8.8
Translocations | 12 | 12.1
Spellcasting   | 10 | 10.0
Conjurations   | 11 | 11.0

Action                   |  1- 3 |  4- 6 |  7- 9 | 10-12 | 13-15 | 16-18 | 19-21 | 22-24 | 25-27 || total
-------------------------+-------+-------+-------+-------+-------+-------+-------+-------+-------++-------
Melee: War axe           |   118 |   115 |   327 |   433 |       |       |       |   808 |       ||  1801
       Broad axe         |       |       |       |   379 |  1104 |  1477 |  1279 |   876 |  8961 || 14076
       Whip              |       |       |       |    10 |    57 |       |       |       |       ||    67
       Constrict         |       |       |       |       |   226 |   255 |   170 |   111 |  1452 ||  2214
       Headbutt          |       |       |       |       |       |       |       |       |    39 ||    39
Throw: Tomahawk          |       |       |     3 |    14 |    13 |   203 |   110 |    44 |   563 ||   950
       Throwing net      |       |       |       |     2 |       |     3 |       |       |       ||     5
       Javelin           |       |       |       |       |       |     3 |     1 |    15 |     4 ||    23
 Cast: Apportation       |       |       |       |       |       |       |       |       |     1 ||     1
       Animate Dead      |       |       |       |       |       |       |       |       |     2 ||     2
       Force Lance       |       |       |       |       |       |       |       |       |     1 ||     1
Invok: Heroism           |       |       |       |       |     2 |     6 |     3 |     5 |       ||    16
       Finesse           |       |       |       |       |       |       |       |     2 |       ||     2
       Renounce Religion |       |       |       |       |       |       |       |     1 |       ||     1
       Bend Time         |       |       |       |       |       |       |       |       |     1 ||     1
       Slouch            |       |       |       |       |       |       |       |       |     1 ||     1
 Abil: Spit Poison       |     3 |     6 |    18 |    21 |    15 |    55 |    16 |     1 |       ||   135
       Breathe Poison Ga |       |       |       |       |       |       |       |     1 |    24 ||    25
Evoke: Wand              |       |       |     6 |    21 |    17 |       |     6 |     3 |     3 ||    56
       Box of beasts     |       |       |       |       |       |     3 |       |       |     5 ||     8
       Lamp of fire      |       |       |       |       |       |       |       |     2 |       ||     2
       Horn of Geryon    |       |       |       |       |       |       |       |       |     4 ||     4
       Sack of spiders   |       |       |       |       |       |       |       |       |     1 ||     1
  Use: Scroll            |     1 |     2 |     5 |    15 |    16 |    13 |     7 |    10 |    40 ||   109
       Potion            |       |     2 |     4 |     3 |     3 |     2 |     9 |     4 |    22 ||    49
 Stab: Confused          |       |       |     1 |       |       |       |       |       |       ||     1
       Held in net/web   |       |       |       |     1 |       |       |       |       |       ||     1
       Sleeping          |       |       |       |       |     3 |     3 |       |       |       ||     6
       Fleeing           |       |       |       |       |     1 |       |       |       |       ||     1
       Distracted        |       |       |       |       |       |       |       |     1 |     9 ||    10
       Invisible         |       |       |       |       |       |       |       |       |     1 ||     1
  Eat: Chunk             |     2 |     3 |    11 |    24 |    29 |    20 |    26 |     7 |    49 ||   171
       Ration            |       |       |       |     1 |     2 |     7 |     2 |     9 |    25 ||    46
Armor: Scale mail        |    48 |    47 |    97 |   256 |    60 |       |       |       |       ||   508
       Skin              |       |    10 |    24 |       |       |       |       |       |       ||    34
       Ring mail         |       |       |       |       |   431 |   894 |   447 |       |       ||  1772
       Gold dragon scale |       |       |       |       |       |       |    53 |   878 |  2651 ||  3582
Dodge: Dodged            |    32 |    22 |    78 |   274 |   394 |   562 |   415 |   302 |  2614 ||  4693
Block: Shield            |    61 |    47 |   142 |   404 |   645 |  1134 |   783 |   784 |  1366 ||  5366
       Reflection        |       |       |       |       |       |    71 |   112 |    50 |    74 ||   307
       Large shield      |       |       |       |       |       |       |       |       |  8625 ||  8625
